 Dungeon Crawl Stone Soup version 0.31-a0-1176-gb7303255ee (webtiles) character file.

Game seed: 221259540050180499

36892 Gargoyl the Cleaver (level 13, -3/130 HPs)
             Began as a Gargoyle Berserker on Dec 11, 2023.
             Was a Priest of Trog.
             Slain by a death yak (14 damage)
             ... on level 5 of the Lair of Beasts.
             The game lasted 00:18:31 (14528 turns).

Gargoyl the Cleaver (Gargoyle Berserker)           Turns: 14528, Time: 00:18:31

Health: -3/130     AC: 23    Str: 23    XL:     13   Next: 93%
Magic:  11/11      EV: 17    Int:  7    God:    Trog [***...]
Gold:   866        SH:  5    Dex: 19    Spells: 12/12 levels left

rFire   . . .        a - +1 hand axe (venom)
rCold   . . .        (no shield)
rNeg    + . .        E - +0 steam dragon scales
rPois   ∞            (helmet restricted)
rElec   +            (no cloak)
rCorr   +            k - +0 pair of gloves
SInv    .            g - +2 pair of boots
Will    ++...        y - amulet of reflection Stlth
                     e - ring of resist corrosion
HPRegen 1.41/turn    D - +6 ring of dexterity
MPRegen 0.12/turn

%: reflection
@: berserking, strong-willed, regenerating, very quick
A: sickness immunity, AC +9, negative energy resistance 1, electricity
resistance, torment resistance 1, petrification resistance, horns 1, iridescent
scales 1, low MP 1
a: Renounce Religion, Berserk, Trog's Hand


You were on level 5 of the Lair of Beasts.
You worshipped Trog.
Trog was most pleased with you.
You visited 2 branches of the dungeon, and saw 13 of its levels.

You collected 866 gold pieces.

Inventory:

Hand Weapons
 a - a +1 hand axe of venom (weapon)
 z - a +0 battleaxe of flaming
 H - a +1 executioner's axe of electrocution
Missiles
 o - 28 poisoned darts
 q - 3 curare-tipped darts (quivered)
Armour
 g - a +2 pair of boots (worn)
 k - a +0 pair of gloves (worn)
 E - +0 steam dragon scales (worn)
Jewellery
 c - the ring of Bawumnu {rPois rF++ rN+}
   (You found it on level 8 of the Dungeon)

   [ring of poison resistance]

   rF++:      It greatly protects you from fire.
   rPois:     It protects you from poison rN+: It protects you from negative
   energy.
 e - a ring of resist corrosion (left hand)
 y - an amulet of reflection (around neck)
 D - a +6 ring of dexterity (right hand)
 F - a ring of positive energy
Wands
 i - a wand of paralysis (14)
 n - a wand of quicksilver (8)
 r - a wand of iceblast (14)
 s - a wand of flame (25)
 w - a wand of digging (7)
Scrolls
 j - 2 scrolls of blinking
 v - 3 scrolls of fog
 x - 2 scrolls of teleportation
 A - 3 scrolls of immolation
 B - a scroll of poison
 I - 2 scrolls of fear
Potions
 b - 5 potions of haste
 d - 4 potions of curing
 f - a potion of might
 h - 6 potions of heal wounds
 l - 3 potions of enlightenment
 m - a potion of cancellation
 p - 2 potions of resistance
 t - a potion of lignification {unknown}
 u - a potion of invisibility {unknown}
 C - a potion of mutation
 G - a potion of berserk rage {unknown}


   Skills:
 + Level 12.7 Fighting
 + Level 14.4 Axes
 + Level 1.0 Throwing
 + Level 8.6 Armour
 + Level 7.9 Dodging
 + Level 4.8 Stealth
 + Level 6.8 Shields


You had 12 spell levels left.
You didn't know any spells.
Your spell library was empty.

Dungeon Overview and Level Annotations

Branches:
Dungeon (8/15)             Temple (0/1) D:4            Lair (5/5) D:8
  Swamp (0/4) Lair:2       Spider (0/4) Lair:2        Slime (0/5) Lair:4

Altars:
Fedhas
Nemelex Xobeh
Jiyva

Shops:
D:8 [


Innate Abilities, Weirdness & Mutations

You are immune to sickness and miasma.
Your stone body is resilient. (AC +9)
You are immune to poison.
You resist negative energy. (rN+)
You are resistant to electric shocks. (rElec)
You are resistant to unholy torment.
You are immune to petrification.
You have a pair of small horns on your head.
You are partially covered in iridescent scales. (AC +2)
Your magical capacity is low. (-10% MP)


Message History

You headbutt the death yak!
The death yak is almost dead.
You slash the death yak!
The death yak looks as sick as possible!
You barely miss the death yak. You hit the death yak.
You kill the death yak!
Trog accepts your kill.
You slash the death yak!
The death yak looks as sick as possible!
You hit the death yak.
The death yak looks as sick as possible!
The death yak gores you but does no damage.
The death yak gores you!
* * * LOW HITPOINT WARNING * * *
You hit the death yak but do no damage.
The death yak looks as sick as possible!
You headbutt the death yak!
You kill the death yak!
Trog accepts your kill.
You hit the death yak.
The death yak looks as sick as possible!
You hit the death yak. You slash the death yak! You headbutt the death yak!
The death yak is moderately wounded.
You hit the death yak but do no damage.
The death yak looks as sick as possible!
The death yak barely misses you. The death yak gores you!
* * * LOW HITPOINT WARNING * * *
Unknown command.
You hit the death yak.
The death yak is poisoned.
You headbutt the death yak.
The death yak is heavily wounded.
You slash the death yak!
The death yak looks as sick as possible!
Unknown command.
You hit the death yak.
The death yak looks as sick as possible!
The death yak is heavily wounded.
You barely miss the death yak. The death yak gores you!
You die...

.....[..P ...P....# ........#
#.# ........# ...###
..PY....##### )....#
..........P.# ......
......Y.....## ##......
...♣.Y@.....####.....P.
.......†......#.......#
...♣.......)#........##
♣..............#P.....#
...(.........####.....##
..............###....#.#
..............)#.#......
PP..♣.......#.##........
..................###........


You could see 2 death yaks and an elephant.

Vanquished Creatures
  Nessos (Lair:3)
  4 hydras
  2 boulder beetles
  3 death yaks (Lair:5)
  3 skysharks
  Amaemon (Lair:2)
  A bog body (Lair:2)
  Pikel (D:6)
  An oklob plant (Lair:3)
  3 black mambas
  A torpor snail (Lair:2)
  An orange demon (Lair:2)
  4 rime drakes
  10 cane toads
  11 komodo dragons
  5 polar bears
  17 blink frogs
  A hornet (D:5)
  A spriggan (Lair:5)
  A jumping spider (Lair:2)
  29 yaks
  5 wyverns
  2 basilisks
  5 steam dragons
  2 redbacks (Lair:2)
  An acid dragon (D:8)
  21 water moccasins
  A swamp drake (D:8)
  A black bear (D:7)
  An orc warrior (D:8)
  An ice beast (D:6)
  2 sky beasts (D:8)
  4 ogres
  3 crocodiles (D:8)
  20 wolves
  A kobold brigand (D:6)
  A lemure (D:6)
  Blork the orc (D:6)
  3 phantoms (D:5)
  10 bullfrogs
  4 scorpions
  4 wights (D:7)
  A howler monkey (D:7)
  An electric eel (Lair:4)
  A gnoll bouda (D:5)
  7 hounds
  2 jellies
  6 orc priests
  5 iguanas
  4 sleepcaps
  9 orc wizards
  A killer bee zombie (D:8)
  8 gnolls
  6 adders
  A white imp (D:5)
  5 ufetubi
  3 worms
  2 dart slugs
  37 orcs
  3 ball pythons
  13 endoplasms
  2 giant cockroaches
  7 goblins
  4 hobgoblins
  8 jackals
  6 kobolds
  4 quokkas
  3 bats
  A frilled lizard (D:2)
  5 rats
349 creatures vanquished.

Vanquished Creatures (collateral kills)
  The ghost of TheCrane the Cleaver, a journeyman HOFi of Qazlal (Lair:4)
1 creature vanquished.

Vanquished Creatures (others)
  A wight (D:7)
  A jelly (D:8)
2 creatures vanquished.

Grand Total: 352 creatures vanquished

Notes
Turn   | Place    | Note
-------+----------+-------------------------------------------
     0 | D:1      | Gargoyl the Gargoyle Berserker began the quest for the Orb.
     0 | D:1      | Reached XP level 1. HP: 14/14 MP: 1/1
    85 | D:1      | Reached XP level 2. HP: 16/19 MP: 2/2
   119 | D:1      | Reached skill level 3 in Axes
   559 | D:1      | Reached XP level 3. HP: 18/24 MP: 3/3
  1054 | D:2      | Reached XP level 4. HP: 29/29 MP: 4/4
  2044 | D:3      | Found a faded altar of an unknown god.
  2319 | D:3      | You fall into a shaft and drop 1 floor!
  2319 | D:4      | Found a staircase to the Ecumenical Temple.
  2345 | D:3      | Reached ** piety under Trog
  2631 | D:4      | Reached XP level 5. HP: 19/33 MP: 5/5
  2726 | D:4      | Reached skill level 4 in Axes
  3089 | D:4      | Noticed an ogre
  3100 | D:4      | Killed an ogre
  3101 | D:4      | Reached XP level 6. HP: 24/38 MP: 6/6
  3170 | D:4      | Reached skill level 5 in Axes
  3899 | D:5      | Entered Level 5 of the Dungeon
  4039 | D:5      | Reached XP level 7. HP: 38/44 MP: 7/7
  4118 | D:5      | Noticed a hornet
  4152 | D:5      | Reached skill level 5 in Armour
  4166 | D:5      | Reached skill level 5 in Fighting
  4174 | D:5      | Reached *** piety under Trog
  4196 | D:5      | Reached skill level 6 in Axes
  4209 | D:5      | Reached XP level 8. HP: 23/50 MP: 8/8
  4323 | D:5      | Killed a hornet
  4491 | D:5      | Found a blossoming altar of Fedhas.
  4593 | D:5      | Reached skill level 7 in Axes
  4952 | D:6      | Noticed Pikel
  4964 | D:6      | Killed Pikel
  4965 | D:6      | Reached skill level 8 in Axes
  4965 | D:6      | Reached XP level 9. HP: 56/56 MP: 9/9
  4997 | D:6      | Identified the +3 dagger "Vakh" {heavy, Int+4}
  5578 | D:6      | Noticed Blork the orc
  5593 | D:6      | Killed Blork the orc
  6021 | D:7      | Reached skill level 9 in Axes
  6296 | D:7      | Identified the +1 mace of Terra Cotta {venom, rF+ Int+3}
  6441 | D:7      | Reached XP level 10. HP: 64/64 MP: 10/10
  6706 | D:7      | Found a sparkling altar of Nemelex Xobeh.
  7211 | D:8      | Reached skill level 10 in Axes
  7742 | D:8      | Found Sudidd's Armour Emporium.
  7782 | D:8      | Reached skill level 1 in Shields
  7967 | D:8      | Reached **** piety under Trog
  8105 | D:8      | Identified the ring of Bawumnu {rPois rF++ rN+}
  8600 | D:8      | Reached skill level 11 in Axes
  8711 | D:8      | Reached skill level 1 in Stealth
  8711 | D:8      | Reached XP level 11. HP: 71/71 MP: 11/11
  8803 | D:8      | Found a staircase to the Lair.
  9084 | Lair:1   | Entered Level 1 of the Lair of Beasts
  9453 | Lair:1   | Noticed a boulder beetle
  9471 | Lair:1   | Killed a boulder beetle
  9804 | Lair:2   | Reached skill level 12 in Axes
  9835 | Lair:2   | Noticed a skyshark
  9856 | Lair:2   | Killed a skyshark
  9859 | Lair:2   | Reached skill level 10 in Fighting
  9989 | Lair:2   | Noticed Amaemon
 10028 | Lair:2   | Killed Amaemon
 10029 | Lair:2   | Reached XP level 12. HP: 77/77 MP: 12/12
 10089 | Lair:2   | Found a staircase to the Swamp.
 10333 | Lair:2   | Reached skill level 5 in Dodging
 10755 | Lair:2   | Found a hole to the Spider Nest.
 10976 | Lair:2   | Gained mutation: You have a pair of small horns on your
                  | head. [potion of mutation]
 10976 | Lair:2   | Gained mutation: Your magical capacity is low. (-10% MP)
                  | [potion of mutation]
 10976 | Lair:2   | Gained mutation: You are partially covered in iridescent
                  | scales. (AC +2) [potion of mutation]
 11065 | Lair:2   | Reached skill level 13 in Axes
 11656 | Lair:3   | Reached skill level 5 in Shields
 11680 | Lair:3   | Noticed a skyshark
 11691 | Lair:3   | Killed a skyshark
 12246 | Lair:3   | Reached XP level 13. HP: 71/84 MP: 11/11
 12364 | Lair:3   | Identified the +0 storm dragon scales of the Apprentice
                  | {rElec Int+3 Dex+3}
 12509 | Lair:3   | Noticed Nessos
 12521 | Lair:3   | Killed Nessos
 13295 | Lair:4   | Noticed TheCrane's ghost (journeyman HOFi)
 13493 | Lair:4   | Identified a scroll of acquirement
 13493 | Lair:4   | Acquired a +1 executioner's axe of electrocution
 13504 | Lair:4   | Found a runed translucent gate.
 13505 | Lair:4   | Found a runed translucent gate.
 13591 | Lair:4   | Reached skill level 14 in Axes
 13621 | Lair:4   | Found a runed translucent gate.
 13746 | Lair:4   | Found a viscous altar of Jiyva.
 13746 | Lair:4   | Found a staircase to the Slime Pits.
 13976 | Lair:4   | Reached skill level 1 in Throwing
 14025 | Lair:4   | Killed TheCrane's ghost
 14171 | Lair:5   | Entered Level 5 of the Lair of Beasts
 14528 | Lair:5   | Slain by a death yak

Illustrated notes

Levels and vault maps discovered:
D:1:      erik_arrival_orb_chamber, layout_basic
D:2:      layout_basic
D:3:      layout_loops_ring, chequers_ecumenical_altar_lobes
D:4:      layout_layer_cave, minmay_temple_entry_statues, serial_rivers,
          chequers_serial_rivers_micro_e, chequers_serial_rivers_small_3,
          chequers_serial_rivers_micro_e, chequers_serial_rivers_micro_e,
          minmay_cut_off
D:5:      minmay_clustersquares, layout_loops_ring, general_overflow_altar
D:6:      layout_loops_ring, kennysheep_decorative_pillar, uniq_pikel,
          uniq_blork_the_orc
D:7:      layout_cave_pods, kennysheep_mini, grunt_ministairs_1
D:8:      regret_index_malice_mire, layout_gridville, erik_lair_dragon,
          serial_shops, shop
Lair:1:   layout_chaotic_city, chequers_serial_rivers_micro_b,
          grunt_megastairs_1, serial_bayou_shore_b
Lair:2:   layout_cave_pods, skrybe_swamp_entry_bodies, spider_nest_entry_a,
          uniq_amaemon
Lair:3:   layout_layer_cave, st_stairs_9, chequers_serial_rivers_small_3,
          grunt_megastairs_4, serial_bayou_shore_b, lemuel_fruit_tree,
          uniq_nessos
Lair:4:   layout_gridlike, slime_entry_1, gammafunk_ghost_split
Lair:5:   due_jungle_book, layout_concentric_octagons,
          grunt_forest_small_clearings, grunt_forest_large_clearings

Skill      XL: |  1  2  3  4  5  6  7  8  9 10 11 12 13 |
---------------+----------------------------------------+-----
Axes           | 3 4 5 6 8 9 11 12 13 14 | 14.4
Dodging        | 2 4 6 7 |  7.9
Armour         | 3 4 5 6 7 8 |  8.6
Fighting       | 4 5 6 7 9 10 11 12 | 12.7
Shields        | 1 4 5 6 |  6.8
Stealth        | 1 2 3 4 |  4.8
Throwing       | 1 |  1.0

Action                     |  1- 3 |  4- 6 |  7- 9 | 10-12 | 13-15 || total
---------------------------+-------+-------+-------+-------+-------++-------
  Melee: Hand axe          |    61 |   228 |   342 |   672 |   260 ||  1563
         Punch             |     1 |     5 |     2 |    10 |     6 ||    24
         Headbutt          |       |       |       |    48 |    73 ||   121
         Battleaxe         |       |       |       |       |    20 ||    20
  Throw: Dart              |       |       |       |     1 |     1 ||     2
 Invoke: Berserk           |     2 |     1 |     6 |    13 |     5 ||    27
         Trog's Hand       |       |     1 |     4 |     8 |     5 ||    18
         Brothers in Arms  |       |       |       |       |     1 ||     1
    Use: Scroll            |     3 |     5 |     4 |     9 |     3 ||    24
         Potion            |       |       |       |     1 |     2 ||     3
   Stab: Sleeping          |     1 |       |       |     5 |     2 ||     8
 Armour: Animal skin       |    49 |       |       |       |       ||    49
         Plate armour      |    17 |   236 |   350 |   151 |       ||   754
         Steam dragon scal |       |       |       |   340 |   225 ||   565
  Dodge: Dodged            |    58 |    61 |   136 |   334 |   218 ||   807
  Block: Other             |       |       |       |   134 |    58 ||   192
         Reflection        |       |       |       |       |     3 ||     3

Table legend: (Time is in decaauts)
 A = Elapsed time spent in this place.
 B = Non-inter-level travel time spent in this place.
 C = Inter-level travel time spent in this place.
 D = Time resting spent in this place.
 E = Time spent auto-exploring this place.
 F = Levels seen in this place.
 G = Mean time per level.
                   A        B        C        D        E       F      G
               +--------+--------+--------+--------+--------+-----+--------+
         Total |  14467 |  13996 |    471 |   1531 |   9290 |  13 | 1112.8 |
       Dungeon |   9147 |   8817 |    330 |    753 |   6077 |   8 | 1143.4 |
          Lair |   5320 |   5180 |    140 |    778 |   3212 |   5 | 1064.0 |
               +--------+--------+--------+--------+--------+-----+--------+

Top non-repeatable levels by time:
  Lair:3: 1741 daAuts
     D:8: 1704 daAuts
  Lair:2: 1584 daAuts
     D:4: 1364 daAuts
     D:7: 1362 daAuts
     D:5: 1068 daAuts
     D:6: 1053 daAuts
     D:1: 1000 daAuts
  Lair:4: 979 daAuts
     D:3: 922 daAuts
  Lair:1: 700 daAuts
     D:2: 669 daAuts
  Lair:5: 314 daAuts
